 Dungeon Crawl Stone Soup version 0.30-a0-170-g85af917532 (webtiles) character file.

Game seed: 4740552562419497716

3692 qw the Cleaver (level 10, -1/64 HPs)
             Began as a Gargoyle Fighter on Sept 30, 2022.
             Slain by an unseen horror (7 damage)
             ... on level 7 of the Dungeon.
             The game lasted 00:03:59 (8715 turns).

qw the Cleaver (Gargoyle Fighter)                   Turns: 8715, Time: 00:03:59

Health: -1/64      AC: 21    Str: 23    XL:     10   Next: 13%
Magic:  10/10      EV:  6    Int: 10    God:
Gold:   339        SH:  4    Dex:  9    Spells: 9/9 levels left

rFire   . . .      SeeInvis .    Y - +1 war axe (elec)
rCold   . . .      Faith    .    c - +0 buckler
rNeg    + . .      Spirit   .    h - +0 plate armour
rPois   inf        Reflect  .    (no helmet)
rElec   +          Harm     .    q - +0 cloak
rCorr   .          Rampage  .    (no gloves)
Will    .....                    (no boots)
Stlth   ..........               (no amulet)
HPRegen 0.20/turn                (no ring)
MPRegen 0.12/turn                (no ring)

@: no status effects
A: sickness immunity, AC +7, negative energy resistance 1, electricity
resistance, torment resistance 1, petrification resistance
a: no special abilities


You were on level 7 of the Dungeon.
You visited 2 branches of the dungeon, and saw 8 of its levels.

You collected 401 gold pieces.
You spent 62 gold pieces at shops.


Innate Abilities, Weirdness & Mutations

You are immune to sickness and miasma.
Your stone body is resilient. (AC +7)
You are immune to poison.
You resist negative energy. (rN+)
You are resistant to electric shocks. (rElec)
You are resistant to unholy torment.
You are immune to petrification.


   Skills:
 - Level 8.1 Fighting
 + Level 10.1 Axes
 - Level 1.0 Throwing
 - Level 6.2 Armour
 - Level 1.2 Dodging
 - Level 5.0 Shields


You had 9 spell levels left.
You didn't know any spells.
Your spell library was empty.

Inventory:

Hand Weapons
 b - a +0 flail
 Y - a +1 war axe of electrocution (weapon)
Armour
 c - a +0 buckler (worn)
 h - a +0 plate armour (worn)
 q - a +0 cloak (worn)
Scrolls
 a - a scroll of identify
Potions
 d - 3 potions of might
 e - 5 potions of lignification
 f - a potion of curing
 k - a potion of resistance
 l - a potion of mutation
 m - a potion of haste
 n - a potion of cancellation {unknown}
 r - a potion of attraction {unknown}

Dungeon Overview and Level Annotations

Branches:
Dungeon (7/15)             Temple (1/1) D:4

Altars:
Cheibriados
Dithmenos
Elyvilon
Gozag
Hepliaklqana
Kikubaaqudgha
Makhleb
Nemelex Xobeh
Qazlal
Ru
Sif Muna
Trog
Uskayaw
Vehumet
Wu Jian
Xom
Yredelemnul
Zin
The Shining One

Shops:
D:5 (*

Annotations:
D:4 1 runed translucent door, Crazy Yiuf


Message History

Something hits you but does no damage. Something hits you.
You swing at nothing.
You barely miss something.
The water moccasin hisses angrily.
Something hits you but does no damage. x2
You swing at nothing.
Something hits you!
You swing at nothing.
Something hits you. Something hits you but does no damage.
You miss something. Something hits you but does no damage. Something hits you.
You hit something. Something hits you but does no damage.
8709 ||| FLEEEEING.
Something hits you but does no damage. Something hits you.
The water moccasin bites you.
The water moccasin bites you but does no damage.
You closely miss the water moccasin. You miss something.
Something hits you but does no damage.
The water moccasin bites you but does no damage.
You slash the water moccasin!
The water moccasin is heavily wounded.
The water moccasin bites you but does no damage.
Something hits you but does no damage.
The water moccasin bites you but does no damage.
You hit the water moccasin.
The water moccasin is severely wounded.
You barely miss something. Something hits you but does no damage.
The water moccasin bites you but does no damage.
You barely miss the water moccasin.
The water moccasin is severely wounded.
You hit the necrophage.
The water moccasin bites you but does no damage.
Something hits you but does no damage. You block the necrophage's attack.
You barely miss the water moccasin.
The water moccasin is severely wounded.
You closely miss the necrophage. You closely miss something.
Something hits you. Something hits you!
You die...

..# #.# #.# #.# #.#
### #############
#.... #.....#.....#
#.....#..n..#..S..#
#..#..#..#..#.@#..#
###..#..#..#.)#n.#..#
...z{#.....#.%...#..#
..ocy#...on#.....#..#
##################..#
.).)................#
...).!%.............#
##################..#
#SooF.#.....#..#


You could see a water moccasin and a necrophage.

Vanquished Creatures
  Pikel (D:5)
  A wyvern (D:7)
  A water moccasin (D:7)
  An orc warrior (D:7)
  2 ice beasts
  2 black bears (D:6)
  2 ogres
  2 phantoms
  2 kobold brigands
  A bullfrog (D:6)
  3 necrophages
  5 scorpions
  A wyvern zombie (D:7)
  A water moccasin zombie (D:7)
  A wight (D:7)
  2 killer bees
  3 howler monkeys
  A bullfrog zombie (D:7)
  2 centaur zombies (D:7)
  3 hounds
  A jelly (D:5)
  A human zombie (D:7)
  6 orc priests
  Natasha (thrice) (D:4)
  5 iguanas
  9 orc wizards
  A killer bee zombie (D:7)
  A mummy (D:7)
  2 howler monkey zombies (D:7)
  4 gnolls (D:6)
  9 adders
  A shadow imp (D:7)
  4 white imps
  2 ufetubi
  4 worms
  A dart slug (D:1)
  29 orcs
  2 endoplasms
  A giant cockroach (D:3)
  11 goblins
  8 hobgoblins
  3 jackals (D:2)
  19 kobolds
  7 quokkas
  12 ball pythons
  A bat (D:1)
  2 frilled lizards
  8 rats
194 creatures vanquished.

Vanquished Creatures (others)
  A withered plant (D:1)
1 creature vanquished.

Grand Total: 195 creatures vanquished

Notes
Turn   | Place    | Note
-------+----------+-------------------------------------------
     0 | D:1      | qw the Gargoyle Fighter began the quest for the Orb.
     0 | D:1      | Reached XP level 1. HP: 14/14 MP: 1/1
     0 | D:1      | 0 ||| qw: Version: 0.2-a-12-gaebbb33
     0 | D:1      | 0 ||| qw: Game counter: 1454
     0 | D:1      | 0 ||| qw: Always use a shield: true
     0 | D:1      | 0 ||| qw: God list: Okawaru
     0 | D:1      | 0 ||| qw: Allow faded altars: false
     0 | D:1      | 0 ||| qw: Do Orc after D:15 true
     0 | D:1      | 0 ||| qw: Do second Lair branch before Depths: true
     0 | D:1      | 0 ||| qw: Lair rune preference: random
     0 | D:1      | 0 ||| qw: Plans: Normal, Zot:1-4, God:TSO, Crypt, Tomb,
                  | Pan, Slime:5, Hells, Abyss, Orb
     0 | D:1      | 0 ||| PLANNING D:1-11
    57 | D:1      | Reached skill level 2 in Axes
   156 | D:1      | Reached XP level 2. HP: 14/19 MP: 2/2
   372 | D:1      | Found a faded altar of an unknown god.
   377 | D:1      | 377 ||| Stepping ~*~*~tactically~*~*~ (stealth).
   512 | D:1      | 512 ||| DROPPING +0 club.
   717 | D:1      | 717 ||| Stepping ~*~*~tactically~*~*~ (stealth).
   728 | D:1      | Reached skill level 3 in Axes
   730 | D:1      | 730 ||| Stepping ~*~*~tactically~*~*~ (stealth).
   858 | D:1      | Reached XP level 3. HP: 23/23 MP: 3/3
  1059 | D:1      | 1059 ||| READING 2 scrolls labelled EKHYTE YSENTIJ.
  1060 | D:1      | 1060 ||| READING scroll labelled JUORPH ROAPRIR.
  1061 | D:1      | 1061 ||| READING scroll labelled HOZXAETTELE.
  1201 | D:2      | 1201 ||| Stepping ~*~*~tactically~*~*~ (stealth).
  1350 | D:2      | 1350 ||| Stepping ~*~*~tactically~*~*~ (stealth).
  1377 | D:2      | 1377 ||| Stepping ~*~*~tactically~*~*~ (stealth).
  1680 | D:2      | 1680 ||| UPGRADING to +0 plate armour.
  1690 | D:2      | 1690 ||| DROPPING +0 scale mail.
  1691 | D:2      | 1691 ||| DROPPING orb of guile.
  1720 | D:3      | 1720 ||| PLANNING SEWER
  1729 | D:3      | Reached XP level 4. HP: 23/28 MP: 4/4
  1764 | D:3      | 1764 ||| Stepping ~*~*~tactically~*~*~ (stealth).
  1766 | D:3      | 1766 ||| Stepping ~*~*~tactically~*~*~ (stealth).
  1952 | D:3      | 1952 ||| DROPPING +0 whip.
  2022 | D:3      | Reached skill level 4 in Axes
  2189 | D:3      | Found a sparkling altar of Nemelex Xobeh.
  2222 | D:3      | 2222 ||| Stepping ~*~*~tactically~*~*~ (stealth).
  2225 | D:3      | 2225 ||| Stepping ~*~*~tactically~*~*~ (hiding).
  2235 | D:3      | Reached XP level 5. HP: 30/32 MP: 5/5
  2432 | D:3      | 2432 ||| RIP SEWER
  2488 | D:3      | 2488 ||| PLANNING D:1-11
  2493 | D:3      | 2493 ||| READING 2 scrolls labelled ASAUGY FEMAU.
  2525 | D:3      | 2525 ||| Stepping ~*~*~tactically~*~*~ (stealth).
  2585 | D:3      | Found a glowing silver altar of Zin.
  2935 | D:3      | 2935 ||| UPGRADING to +0 cloak.
  2940 | D:3      | 2940 ||| READING scroll labelled FYMMOA PYRGHA.
  2941 | D:3      | 2941 ||| DRINKING 2 cyan potions.
  2983 | D:3      | 2983 ||| DRINKING 2 pink potions.
  2984 | D:3      | 2984 ||| DRINKING 2 metallic green potions.
  2985 | D:3      | 2985 ||| DRINKING 2 fizzy red potions.
  3086 | D:3      | 3086 ||| DROPPING potion of ambrosia.
  3123 | D:4      | Reached skill level 5 in Axes
  3198 | D:4      | 3198 ||| Stepping ~*~*~tactically~*~*~ (stealth).
  3253 | D:4      | Reached XP level 6. HP: 34/38 MP: 6/6
  3289 | D:4      | 3289 ||| Stepping ~*~*~tactically~*~*~ (stealth).
  3433 | D:4      | Noticed Natasha
  3434 | D:4      | 3434 ||| Stepping ~*~*~tactically~*~*~ (hiding).
  3436 | D:4      | 3436 ||| Stepping ~*~*~tactically~*~*~ (hiding).
  3452 | D:4      | Killed Natasha
  3579 | D:4      | Found a burning altar of Makhleb.
  3635 | D:4      | 3635 ||| Stepping ~*~*~tactically~*~*~ (hiding).
  3696 | D:4      | Found a runed translucent door.
  3697 | D:4      | Noticed Crazy Yiuf
  3852 | D:4      | Found a staircase to the Ecumenical Temple.
  3853 | D:4      | 3853 ||| PLANNING TEMPLE
  3853 | D:4      | 3853 ||| READING scroll labelled LOUVVO JIOJ.
  3854 | D:4      | 3854 ||| READING scroll labelled HAECWI HULOS.
  3855 | D:4      | 3855 ||| DRINKING 2 fuming emerald potions.
  3856 | D:4      | 3856 ||| DRINKING 2 glowing brown potions.
  3960 | D:4      | 3960 ||| DROPPING potion of berserk rage.
  3969 | Temple   | Entered the Ecumenical Temple
  4112 | Temple   | 4112 ||| PLANNING D:1-11
  4212 | D:4      | Noticed Natasha
  4224 | D:4      | Killed Natasha
  4242 | D:4      | Noticed Natasha
  4332 | D:4      | 4332 ||| Stepping ~*~*~tactically~*~*~ (hiding).
  4333 | D:4      | 4333 ||| Stepping ~*~*~tactically~*~*~ (hiding).
  4357 | D:4      | Killed Natasha
  4358 | D:4      | Reached skill level 6 in Axes
  4501 | D:5      | Entered Level 5 of the Dungeon
  4503 | D:5      | 4503 ||| Stepping ~*~*~tactically~*~*~ (hiding).
  4507 | D:5      | Reached XP level 7. HP: 33/43 MP: 7/7
  4726 | D:5      | 4726 ||| DRINKING potion of curing.
  4726 | D:5      | 4726 ||| (to cure confusion)
  4823 | D:5      | Noticed Pikel
  4824 | D:5      | 4824 ||| Stepping ~*~*~tactically~*~*~ (hiding).
  4825 | D:5      | 4825 ||| Stepping ~*~*~tactically~*~*~ (hiding).
  4838 | D:5      | Paralysed by Pikel for 2 turns
  4842 | D:5      | Killed Pikel
  4843 | D:5      | Reached skill level 8 in Axes
  4843 | D:5      | Reached XP level 8. HP: 41/48 MP: 8/8
  4952 | D:5      | Found a hazy altar of Hepliaklqana.
  5002 | D:5      | Found Myudawk's Weapon Emporium.
  5011 | D:5      | Reached skill level 1 in Dodging
  5258 | D:5      | Reached skill level 6 in Fighting
  5404 | D:5      | Found an ornate altar of the Wu Jian Council.
  5478 | D:5      | Found a shadowy altar of Dithmenos.
  5505 | D:5      | 5505 ||| Stepping ~*~*~tactically~*~*~ (hiding).
  5506 | D:5      | 5506 ||| Stepping ~*~*~tactically~*~*~ (hiding).
  5542 | D:5      | Found Pouc's CLEARANCE SALE!.
  5547 | D:5      | 5547 ||| BUYING potion of curing (12 gold).
  5547 | D:5      | Bought a potion of curing for 12 gold pieces
  5547 | D:5      | 5547 ||| BUYING scroll of brand weapon (38 gold).
  5547 | D:5      | Bought a scroll of brand weapon for 38 gold pieces
  5547 | D:5      | 5547 ||| BUYING scroll of teleportation (12 gold).
  5547 | D:5      | Bought a scroll of teleportation for 12 gold pieces
  5547 | D:5      | 5547 ||| READING scroll of brand weapon.
  5547 | D:5      | 5547 ||| BRANDING +1 war axe of draining.
  5654 | D:5      | 5654 ||| READING scroll labelled IWIEGH VONIYNK.
  5709 | D:5      | 5709 ||| READING scroll labelled GEP AZECET.
  5710 | D:5      | 5710 ||| READING scroll labelled MEOKYADOIT.
  5752 | D:6      | 5752 ||| Stepping ~*~*~tactically~*~*~ (hiding).
  5753 | D:6      | 5753 ||| Stepping ~*~*~tactically~*~*~ (hiding).
  5755 | D:6      | 5755 ||| Stepping ~*~*~tactically~*~*~ (hiding).
  5761 | D:6      | Reached skill level 1 in Throwing
  5763 | D:6      | 5763 ||| FLEEEEING.
  5772 | D:6      | 5772 ||| STAIRDANCE
  5832 | D:6      | 5832 ||| Stepping ~*~*~tactically~*~*~ (stealth).
  5833 | D:6      | 5833 ||| Stepping ~*~*~tactically~*~*~ (stealth).
  5847 | D:6      | Reached XP level 9. HP: 44/55 MP: 9/9
  5944 | D:6      | 5944 ||| DRINKING 2 potions of curing.
  5944 | D:6      | 5944 ||| (to cure confusion)
  5983 | D:6      | Reached skill level 9 in Axes
  6207 | D:6      | Found a shimmering altar of Xom.
  6216 | D:6      | Found a bloodstained altar of Trog.
  6315 | D:6      | 6315 ||| Stepping ~*~*~tactically~*~*~ (stealth).
  6316 | D:6      | 6316 ||| Stepping ~*~*~tactically~*~*~ (hiding).
  6332 | D:6      | 6332 ||| Stepping ~*~*~tactically~*~*~ (stealth).
  6343 | D:6      | 6343 ||| Stepping ~*~*~tactically~*~*~ (hiding).
  6969 | D:6      | 6969 ||| READING scroll labelled WUPI FAYZOBLUO.
  6970 | D:6      | 6970 ||| READING scroll labelled SYIDO UQAITTA.
  6971 | D:6      | 6971 ||| DRINKING 2 coppery potions.
  7107 | D:7      | Found a hide-covered altar of Uskayaw.
  7173 | D:7      | HP: 8/57 [orc priest/divine providence (7)]
  7174 | D:7      | 7174 ||| READING 3 scrolls of teleportation.
  7175 | D:7      | 7175 ||| DRINKING 2 potions of heal wounds.
  7176 | D:7      | 7176 ||| DRINKING potion of heal wounds.
  7179 | D:7      | Reached skill level 6 in Armour
  7280 | D:7      | 7280 ||| Invisible monster not found???
  7396 | D:7      | 7396 ||| Stepping ~*~*~tactically~*~*~ (hiding).
  7457 | D:7      | 7457 ||| Stepping ~*~*~tactically~*~*~ (stealth).
  7520 | D:7      | 7520 ||| DRINKING 2 smoky inky potions.
  7521 | D:7      | 7521 ||| DRINKING 2 fizzy blue potions.
  7522 | D:7      | 7522 ||| READING 2 scrolls of identify.
  7522 | D:7      | 7522 ||| IDENTIFYING bubbling orange potion
  7523 | D:7      | 7523 ||| DROPPING potion of brilliance.
  7524 | D:7      | 7524 ||| DROPPING potion of flight.
  7525 | D:7      | 7525 ||| READING 2 scrolls of teleportation.
  8234 | D:7      | Reached skill level 10 in Axes
  8248 | D:7      | Found a basalt altar of Yredelemnul.
  8316 | D:7      | Reached XP level 10. HP: 52/64 MP: 10/10
  8525 | D:7      | 8525 ||| READING scroll of teleportation.
  8576 | D:7      | 8576 ||| Stepping randomly (stuck).
  8577 | D:7      | 8577 ||| Stepping randomly (stuck).
  8578 | D:7      | 8578 ||| Stepping randomly (stuck).
  8579 | D:7      | 8579 ||| Stepping randomly (stuck).
  8580 | D:7      | 8580 ||| Stepping randomly (stuck).
  8581 | D:7      | 8581 ||| Stepping randomly (stuck).
  8582 | D:7      | 8582 ||| Stepping randomly (stuck).
  8583 | D:7      | 8583 ||| Stepping randomly (stuck).
  8584 | D:7      | 8584 ||| Stepping randomly (stuck).
  8585 | D:7      | 8585 ||| Stepping randomly (stuck).
  8586 | D:7      | 8586 ||| Stepping randomly (stuck).
  8587 | D:7      | 8587 ||| Stepping randomly (stuck).
  8588 | D:7      | 8588 ||| Stepping randomly (stuck).
  8589 | D:7      | 8589 ||| Stepping randomly (stuck).
  8590 | D:7      | 8590 ||| Stepping randomly (stuck).
  8591 | D:7      | 8591 ||| Stepping randomly (stuck).
  8592 | D:7      | 8592 ||| Stepping randomly (stuck).
  8593 | D:7      | 8593 ||| Stepping randomly (stuck).
  8594 | D:7      | 8594 ||| Stepping randomly (stuck).
  8595 | D:7      | 8595 ||| Stepping randomly (stuck).
  8596 | D:7      | 8596 ||| Stepping randomly (stuck).
  8597 | D:7      | 8597 ||| Stepping randomly (stuck).
  8598 | D:7      | 8598 ||| Stepping randomly (stuck).
  8599 | D:7      | 8599 ||| Stepping randomly (stuck).
  8600 | D:7      | 8600 ||| Stepping randomly (stuck).
  8601 | D:7      | 8601 ||| Stepping randomly (stuck).
  8602 | D:7      | 8602 ||| Stepping randomly (stuck).
  8603 | D:7      | 8603 ||| Stepping randomly (stuck).
  8604 | D:7      | 8604 ||| Stepping randomly (stuck).
  8606 | D:7      | 8606 ||| Stepping randomly (stuck).
  8611 | D:7      | 8611 ||| Stepping randomly (stuck).
  8612 | D:7      | 8612 ||| Stepping randomly (stuck).
  8613 | D:7      | 8613 ||| Stepping randomly (stuck).
  8614 | D:7      | 8614 ||| Stepping randomly (stuck).
  8615 | D:7      | 8615 ||| Stepping randomly (stuck).
  8616 | D:7      | 8616 ||| Stepping randomly (stuck).
  8617 | D:7      | 8617 ||| Stepping randomly (stuck).
  8618 | D:7      | 8618 ||| Stepping randomly (stuck).
  8619 | D:7      | 8619 ||| Stepping randomly (stuck).
  8620 | D:7      | 8620 ||| Stepping randomly (stuck).
  8621 | D:7      | 8621 ||| Stepping randomly (stuck).
  8622 | D:7      | 8622 ||| Stepping randomly (stuck).
  8623 | D:7      | 8623 ||| Stepping randomly (stuck).
  8624 | D:7      | 8624 ||| Stepping randomly (stuck).
  8625 | D:7      | 8625 ||| Stepping randomly (stuck).
  8626 | D:7      | 8626 ||| Stepping randomly (stuck).
  8627 | D:7      | 8627 ||| Stepping randomly (stuck).
  8628 | D:7      | 8628 ||| Stepping randomly (stuck).
  8629 | D:7      | 8629 ||| Stepping randomly (stuck).
  8630 | D:7      | 8630 ||| Stepping randomly (stuck).
  8631 | D:7      | 8631 ||| Stepping randomly (stuck).
  8634 | D:7      | 8634 ||| Stepping randomly (stuck).
  8635 | D:7      | 8635 ||| Stepping randomly (stuck).
  8636 | D:7      | 8636 ||| Stepping randomly (stuck).
  8637 | D:7      | 8637 ||| Stepping randomly (stuck).
  8673 | D:7      | 8673 ||| Stepping ~*~*~tactically~*~*~ (stealth).
  8707 | D:7      | HP: 13/64 [something (6)]
  8709 | D:7      | 8709 ||| FLEEEEING.
  8715 | D:7      | HP: 6/64 [something (3)]
  8715 | D:7      | Slain by an unseen horror

Levels and vault maps discovered:
D:1:      roderic_crossed_star, layout_basic,
          ebering_ecumenical_altar_petrified, minmay_misc_feat_hallway,
          chequers_serial_rivers_small_3, minivault_5, st_stairs_4
D:2:      layout_rooms, minmay_misc_feat_alley
D:3:      layout_basic, mainiacjoe_overflow_cross_hatched, marbit_many_paths,
          gup_sewer_entry_bowl, kennysheep_cluttered_room, grunt_ministairs_14
D:4:      cheibrodos_helix_gallery, layout_basic,
          mainiacjoe_overflow_six_doors_small, temple_hall,
          uniq_crazy_yiuf_cottage, uniq_natasha
D:5:      layout_loops_ring, mainiacjoe_overflow_boulevard,
          general_overflow_altar, pdpol_wu_jian_five_deadly_venoms,
          serial_shops, nicolae_shop_bloodbath_and_beyond,
          hangedman_decor_riveting, nicolae_shop_clearance, uniq_pikel
D:6:      layout_gridville, mainiacjoe_overflow_catwalk_spiral,
          minmay_stone_trees_medium, minmay_manual_mail
D:7:      kennysheep_windowed_halls, layout_loops_corners,
          nicolae_uskayaw_dance_studio, lemuel_mausoleum_altar_yredelemnul,
          kennysheep_another_room, minivault_24
Temple:   hellmonk_temple_forest_ring

Skill      XL: |  1  2  3  4  5  6  7  8  9 10 |
---------------+-------------------------------+-----
Axes           | 2 3 4 5 6 8 10 | 10.1
Fighting       | 4 6 7 8 |  8.1
Armour         | 4 5 6 |  6.2
Dodging        | 1 |  1.2
Throwing       | 1 |  1.0
Shields        | 4 5 |  5.0

Action                   |  1- 3 |  4- 6 |  7- 9 | 10-12 || total
-------------------------+-------+-------+-------+-------++-------
Melee: War axe           |   131 |   191 |   279 |    57 ||   658
       Unarmed           |       |    12 |       |       ||    12
Throw: Boomerang         |       |    30 |    15 |       ||    45
  Use: Scroll            |     3 |     4 |     9 |     1 ||    17
       Potion            |       |     6 |     7 |       ||    13
Armor: Scale mail        |    56 |       |       |       ||    56
       Plate armour      |     2 |   107 |   186 |    52 ||   347
       Skin              |       |     1 |       |       ||     1
Dodge: Dodged            |    74 |    48 |    69 |    12 ||   203
Block: Buckler           |    23 |    38 |    43 |    17 ||   121

Table legend:
 A = Non-vault XP
 B = Vault XP
 C = Vault XP percentage of total XP
 D = Non-vault monster count
 E = Vault monster count
 F = Vault count percentage of total count
                 A         B        C        D         E       F
            +---------+---------+-------+---------+---------+-------
      Total |    3288 |    1987 |  37.7 |     156 |      38 |  19.6
            +---------+---------+-------+---------+---------+-------
        D:1 |      36 |       3 |   7.7 |      23 |       2 |   8.0
        D:2 |      42 |       0 |   0.0 |      16 |       0 |   0.0
        D:3 |      98 |      23 |  19.0 |      25 |       6 |  19.4
        D:4 |     345 |      40 |  10.4 |      16 |       3 |  15.8
        D:5 |     787 |     571 |  42.0 |      25 |       1 |   3.8
        D:6 |     939 |     325 |  25.7 |      36 |       5 |  12.2
        D:7 |    1041 |    1025 |  49.6 |      15 |      21 |  58.3
            +---------+---------+-------+---------+---------+-------
